 Dungeon Crawl Stone Soup version 0.27.0-1-g7a089689b8 (webtiles) character file.

Game seed: 8340247812074252364

485 Acheron the Ruffian (level 6, -1/55 HPs)
             Began as a Troll Air Elementalist on Aug 14, 2021.
             Was an Initiate of the Shining One.
             Succumbed to a water moccasin's poison
             ... on level 5 of the Dungeon.
             The game lasted 00:13:31 (3264 turns).

Acheron the Ruffian (Troll Air Elementalist)        Turns: 3264, Time: 00:13:32

Health: -1/55      AC:  5    Str: 17    XL:     6   Next: 88%
Magic:  7/7        EV: 10    Int: 11    God:    the Shining One [......]
Gold:   40         SH:  0    Dex: 12    Spells: 6/7 levels left

rFire    . . .     SeeInvis .     - Unarmed
rCold    . . .     Faith    .   (no shield)
rNeg     . . .     Spirit   .   a - +1 robe
rPois    .         Reflect  .   (helmet restricted)
rElec    .         Harm     .   (no cloak)
rCorr    .         Rampage  .   (gloves unavailable)
Will     .....                  (boots unavailable)
Stlth    +.........             (no amulet)
HPRegen  1.18/turn              (no ring)
MPRegen  0.10/turn              (no ring)

@: lethally poisoned (-1 -> -9), glowing
A: large, unfitting armour, claws 3, regeneration 1, shaggy fur 1, tough skin 1
a: Renounce Religion


You were on level 5 of the Dungeon.
You worshipped the Shining One.
The Shining One was noncommittal.
You visited 1 branch of the dungeon, and saw 5 of its levels.

You collected 120 gold pieces.
You spent 80 gold pieces at shops.

Inventory:

Missiles
 b - 18 boomerangs
Armour
 a - a +1 robe (worn)
Scrolls
 j - 3 scrolls of teleportation {unknown}
 m - a scroll of enchant armour
 n - 3 scrolls of fog
Potions
 c - a potion of might {unknown}
 d - 3 potions of cancellation
 e - a potion of ambrosia
 f - a potion of flight {unknown}
 h - a potion of haste {unknown}
 i - 2 potions of lignification
 k - a potion of brilliance


   Skills:
 * Level 1.4 Fighting
 * Level 0.4 Throwing
 * Level 3.4 Dodging
 + Level 1.6 Stealth
 * Level 3.8 Unarmed Combat
 + Level 1.4 Spellcasting
 + Level 1.7 Conjurations
 + Level 2.1 Air Magic
 * Level 0.7 Invocations


You had 6 spell levels left.
You knew the following spells:

 Your Spells              Type           Power      Damage    Failure   Level
a - Shock                 Conj/Air       20%        1d4       14%         1

Your spell library contained the following spells:

 Spells                   Type           Power      Damage    Failure   Level
 Magic Dart               Conj           16%        1d3       16%         1
 Searing Ray              Conj           8%         3d3       22%         2
 Static Discharge         Conj/Air       5%         N/A       22%         2
 Swiftness                Air            5%         N/A       36%         3
 Airstrike                Air            2%         N/A       77%         4
 Fulminant Prism          Conj/Hex       1%         3d6       91%         4
 Lightning Bolt           Conj/Air       2%         1d14      98%         5
 Maxwell's Capacitive Co  Air            2%         ∞         100%        8


Dungeon Overview and Level Annotations

Branches:
Dungeon (5/15)
 Temple: D:4-7

Altars:
The Shining One

Shops:
D:1 ((   D:3 ?


Innate Abilities, Weirdness & Mutations

You are too large for most types of armour.
You have claws for hands.
Your natural rate of healing is unusually fast.
You are covered in fur. (AC +1)
You have tough skin. (AC +1)


Message History

You miss the water moccasin. The water moccasin bites you.
The water moccasin bites you but does no damage.
You scratch the water moccasin but do no damage.
The water moccasin closely misses you.
You miss the water moccasin.
The water moccasin bites you but does no damage.
You miss the water moccasin. The water moccasin misses you.
You miss the water moccasin. The water moccasin bites you.
The water moccasin bites you but does no damage.
You barely miss the water moccasin. The water moccasin bites you!
You closely miss the water moccasin. The water moccasin bites you.
You are poisoned.
The water moccasin poisons you!
You scratch the water moccasin.
The water moccasin is lightly wounded.
You feel very sick. The water moccasin bites you.
You are lethally poisoned!
The water moccasin poisons you!
The water moccasin bites you but does no damage.
You claw the water moccasin!
The water moccasin is moderately wounded.
* * * LOW HITPOINT WARNING * * *
You feel extremely sick. The water moccasin bites you.
* * * LOW HITPOINT WARNING * * *
You scratch the water moccasin.
The water moccasin is heavily wounded.
* * * LOW HITPOINT WARNING * * *
You feel very sick. The water moccasin barely misses you.
You miss the water moccasin.
The water moccasin is heavily wounded.
* * * LOW HITPOINT WARNING * * *
You feel very sick.
The water moccasin bites you but does no damage.
The water moccasin barely misses you.
You scratch the water moccasin.
The water moccasin is severely wounded.
You die...

........# ##....##### ..
........# ##.#(.....
........# #.....###
........# #.##..# ...
........# #..##.# ...
........# ##....## .$..
........### #.#...#
....c ........#
#)#...##.#...
......#@####.##.........
#.### #.S.##.......(.#
###...####....#...
###.....[...#
######....# .....#
.....# #<#...# .. ...#


You could see a water moccasin.

Vanquished Creatures
  A black bear (D:2)
  A bullfrog zombie (D:5)
  An orc priest (D:3)
  4 hounds
  2 iguanas
  An orc wizard (D:5)
  5 adders
  2 worms (D:2)
  3 dart slugs
  6 orcs
  5 bats
  6 endoplasms
  A giant cockroach (D:2)
  5 goblins
  6 hobgoblins
  4 jackals (D:2)
  4 quokkas
  4 ball pythons
  2 frilled lizards
  9 kobolds
  2 rats
74 creatures vanquished.

Notes
Turn   | Place    | Note
-------+----------+-------------------------------------------
     0 | D:1      | Acheron the Troll Air Elementalist began the quest for the
                  | Orb.
     0 | D:1      | Reached XP level 1. HP: 16/16 MP: 1/1
    10 | D:1      | Found Buaf's Antique Weapon Shop.
   519 | D:1      | Reached XP level 2. HP: 24/24 MP: 2/2
   521 | D:1      | Found Afuo's Weapon Emporium.
   595 | D:1      | Found a faded altar of an unknown god.
   983 | D:2      | Reached XP level 3. HP: 26/32 MP: 1/4
  1122 | D:2      | Reached skill level 1 in Unarmed Combat
  1210 | D:2      | Noticed a black bear
  1217 | D:2      | Killed a black bear
  1218 | D:2      | Reached skill level 1 in Fighting
  1218 | D:2      | Reached skill level 1 in Conjurations
  1218 | D:2      | Reached XP level 4. HP: 11/41 MP: 5/5
  1286 | D:2      | Reached XP level 5. HP: 44/48 MP: 6/6
  2077 | D:3      | Found Kowkulid's Magic Scroll Boutique.
  2089 | D:3      | Bought a scroll of identify for 20 gold pieces
  2089 | D:3      | Bought a scroll of identify for 20 gold pieces
  2089 | D:3      | Bought a scroll of fog for 20 gold pieces
  2089 | D:3      | Bought a scroll of fog for 20 gold pieces
  2478 | D:4      | Found a glowing golden altar of the Shining One.
  2499 | D:4      | Became a worshipper of the Shining One
  2555 | D:4      | Reached XP level 6. HP: 55/55 MP: 7/7
  3110 | D:5      | Entered Level 5 of the Dungeon
  3124 | D:5      | Noticed a sky beast
  3235 | D:5      | Noticed a water moccasin
  3263 | D:5      | HP: 2/55 [poisoned by a water moccasin]
  3264 | D:5      | Succumbed to a water moccasin's poison

Illustrated notes

Levels and vault maps discovered:
D:1:      minmay_arrival_stair_chambers, layout_basic, serial_shops, shop, shop,
          hellmonk_ecumenical_altar_zigzags
D:2:      layout_loops_ring
D:3:      layout_loops_ring, serial_shops, shop
D:4:      minmay_evil_eye, layout_loops_ring, nicolae_tso_carved_into_rock
D:5:      layout_rooms, minmay_temple_entry_wispy

Skill      XL: |  1  2  3  4  5  6 |
---------------+-------------------+-----
Unarmed Combat | 2 3 |  3.8
Fighting       | 1 |  1.4
Dodging        | 2 3 |  3.4
Conjurations   | 1 |  1.7
Throwing       | |  0.4
Stealth        | |  1.6
Spellcasting   | |  1.4
Air Magic      | |  2.1
Invocations    | |  0.7

Action                   |  1- 3 |  4- 6 || total
-------------------------+-------+-------++-------
Melee: Unarmed           |    91 |   189 ||   280
       Punch             |     1 |     3 ||     4
 Cast: Shock             |     9 |     2 ||    11
  Use: Scroll            |       |     9 ||     9
 Stab: Sleeping          |     1 |     2 ||     3
Armor: Robe              |    44 |    54 ||    98
Dodge: Dodged            |    63 |    97 ||   160
